Map: Backwater LE

Players

Banhammer

  • Race: Protoss Protoss
  • League: Gold
  • Spawn Location: 5:00

Kozzy - Winner!

  • Race: Protoss Protoss
  • League: Gold
  • Spawn Location: 11:00

VOD

Have the link to the VOD?

Description

Time

  • Played on: April 11, 2018, 5:07 a.m.
  • Length: 4:58
Show
View Real Time Build Order
Export as new Build Order

Banhammer Protoss 

Build Orders:  

Get SALT Encoding   

Show
View Real Time Build Order
Export as new Build Order

Kozzy Protoss - Winner!

Build Orders:  

Get SALT Encoding   

  12  0:01  Probe  
  13  0:13  Probe  
  14  0:19  Pylon  
  14  0:36  Probe (Chrono Boost)  
  14  0:42  Gateway  
  15  0:47  Assimilator  
  15  0:48  Probe (Chrono Boost)  
  16  0:54  Probe (Chrono Boost)  
  17  1:00  Assimilator  
  17  1:02  Probe  
  18  1:14  Probe  
  18  1:17  Pylon  
  19  1:26  Probe  
  19  1:29  Pylon  
  20  1:38  Probe  
  21  1:45  Cybernetics Core  
  21  1:51  Zealot (Chrono Boost)  
  23  2:03  Forge  
  23  2:22  Stalker  
  25  2:27  Gateway  
  25  2:32  Pylon  
  25  2:45  Shield Battery  
  25  2:57  Photon Cannon  
  25  3:07  Photon Cannon  
  25  3:24  Robotics Facility  
  25  3:30  Probe  
  26  3:43  Shield Battery  
  26  3:52  Stalker (Chrono Boost)  
  26  3:53  Pylon  
  28  4:07  Stalker (Chrono Boost)  
  30  4:14  Photon Cannon  
  30  4:21  Shield Battery  
  30  4:32  Observer (Chrono Boost)  
  32  4:53  Pylon  
  32  4:56  Pylon  
Tags
 
League
GoldGold
Matchup
PvP
Spawn Locations
Cross Positions
Add a new tag
Caveats
  • Supply blocks, unpowered buildings, or Contaminate may cause inaccurate times.
  • Supply counts are checked every 10 seconds.